 Dungeon Crawl Stone Soup version 0.29-a0-284-gf9362112df (webtiles) character file.

Game seed: 16451505548923904735

25 gzilladon the Digger (level 2, 0/24 HPs)
             Began as a Troll Earth Elementalist on Mar 22, 2022.
             Slain by an adder (2 damage)
             ... on level 3 of the Dungeon.
             The game lasted 00:10:12 (529 turns).

gzilladon the Digger (Troll Earth Elementalist)      Turns: 529, Time: 00:10:12

Health: 0/24       AC:  4    Str: 15    XL:     2   Next: 86%
Magic:  3/11       EV:  9    Int: 11    God:
Gold:   63         SH:  0    Dex: 10    Spells: 2/3 levels left

rFire   . . .      SeeInvis .   h - +0 short sword
rCold   . . .      Faith    .   (no shield)
rNeg    . . .      Spirit   .   b - +0 robe
rPois   .          Reflect  .   (helmet restricted)
rElec   .          Harm     .   (no cloak)
rCorr   .          Rampage  .   (gloves unavailable)
Will    .....                   (boots unavailable)
Stlth   +.........              (no amulet)
HPRegen 0.88/turn               j - ring of magical power
MPRegen 0.12/turn               (no ring)

@: lethally poisoned (0 -> -1)
A: large, unfitting armour, claws 3, regeneration 1, shaggy fur 1, tough skin 1
a: no special abilities


You were on level 3 of the Dungeon.
You visited 1 branch of the dungeon, and saw 3 of its levels.

You collected 63 gold pieces.

Inventory:

Hand Weapons
 e - a +0 club
 h - a +0 short sword (weapon)
Missiles
 a - 27 stones
Armour
 b - a +0 robe (worn)
 d - a +0 pair of boots
 g - a +2 pair of gloves
 i - a +0 robe
 k - a +0 helmet
Jewellery
 j - a ring of magical power (left claw)
Scrolls
 f - 2 scrolls of identify {unknown}
Potions
 c - a potion of magic
 l - a potion of berserk rage {unknown}


   Skills:
 + Level 0.1 Fighting
 + Level 0.2 Short Blades
 + Level 1.1 Maces & Flails
 + Level 1.7 Dodging
 + Level 1.0 Stealth
 + Level 0.1 Unarmed Combat
 + Level 1.3 Spellcasting
 + Level 0.6 Transmutations
 + Level 3.1 Earth Magic


You had 2 spell levels left.
You knew the following spells:

 Your Spells              Type           Power      Damage    Failure   Level
a - Sandblast             Erth           14%        2d6       9%          1

Your spell library contained the following spells:

 Spells                   Type           Power      Damage    Failure   Level
 Passwall                 Tmut/Erth      3%         N/A       22%         2
 Stone Arrow              Conj/Erth      8%         3d7       45%         3
 Petrify                  Tmut/Erth      4%         N/A       82%         4


Dungeon Overview and Level Annotations

Branches:
Dungeon (3/15)

Altars:


Innate Abilities, Weirdness & Mutations

You are too large for most types of armour.
You have claws for hands.
Your natural rate of healing is unusually fast.
You are covered in fur. (AC +1)
You have tough skin. (AC +1)


Message History

Found a flail.
Found 12 gold pieces.
You see here a purple potion.
l - a purple potion You barely miss the goblin.
The goblin hits you but does no damage.
You are poisoned.
You hit the goblin but do no damage.
You feel sick. The goblin hits you but does no damage.
You are more poisoned.
You closely miss the goblin.
You feel very sick. The goblin attacks as you move away!
The goblin hits you with a +1 dagger of venom.
You are more poisoned.
You feel very sick.
You feel very sick.
Aiming: Sandblast (safe; 9% risk of failure)
Press: ? - help, Q - select action, (/) - cycle Shift-Dir - straight line, f - giant cockroach
Aim: a giant cockroach (78% to hit)
The blast of sand hits the hobgoblin.
You kill the hobgoblin!
You feel very sick.
The adder hisses angrily.
The goblin hits you with a +1 dagger of venom.
* * * LOW HITPOINT WARNING * * *
Aiming: Sandblast (safe; 9% risk of failure)
Press: ? - help, Q - select action, (/) - cycle Shift-Dir - straight line, f - goblin, p - giant cockroach
Aim: a goblin, wielding a +1 dagger of venom (72% to hit)
The blast of sand hits the goblin!
You kill the goblin!
* * * LOW HITPOINT WARNING * * *
You feel sick.
The giant cockroach bites you but does no damage.
You barely miss the giant cockroach.
* * * LOW HITPOINT WARNING * * *
You feel sick. The giant cockroach barely misses you.
The adder bites you but does no damage.
You closely miss the giant cockroach.
* * * LOW HITPOINT WARNING * * *
You feel sick. The adder bites you.
You die...

#...#...#...#...#. #
..#...#...#...#...#
..#...#...#...#...#.#
#$..#...#...#...#....
..#..)#...#...#...#.#.
#...#...#...#...#......
#...#...#...#...#.#..
#.)B#...#...#.....
#...#@..#...#..)#.#
#...#.S.#...#...#...#.##
..#...#...#...#...#.#...
#...#...#...#...#....##.
..#...#...#...#..###.##.
. ..#...#...#....# #.##.
## #...#......# #.##.
..#........###.##.
...#............


You could see an adder and a giant cockroach.

Vanquished Creatures
  An adder (D:2)
  3 endoplasms
  A giant cockroach (D:2)
  2 goblins
  2 hobgoblins
  A kobold (D:2)
  A quokka (D:2)
  3 frilled lizards
  2 rats
16 creatures vanquished.

Notes
Turn   | Place    | Note
-------+----------+-------------------------------------------
     0 | D:1      | gzilladon the Troll Earth Elementalist began the quest for
                  | the Orb.
     0 | D:1      | Reached XP level 1. HP: 16/16 MP: 1/1
   125 | D:2      | Reached skill level 3 in Earth Magic
   191 | D:2      | Reached XP level 2. HP: 15/24 MP: 2/2
   222 | D:2      | Reached skill level 1 in Maces & Flails
   529 | D:3      | Slain by an adder

Illustrated notes

Levels and vault maps discovered:
D:1:      psy_arrival_spokes, layout_loops_ring, basic_ecumenical_altar
D:2:      layout_loops_ring
D:3:      layout_basic, hex_large, kennysheep_generic_room_11, uniq_jessica

Skill      XL: |  1  2 |
---------------+-------+-----
Earth Magic    | 3 |  3.1
Maces & Flails | 1 |  1.1
Fighting       | |  0.1
Short Blades   | |  0.2
Dodging        | |  1.7
Stealth        | |  1.0
Unarmed Combat | |  0.1
Spellcasting   | |  1.3
Transmutations | |  0.6

Action                   || total
-------------------------++-------
Melee: Club              ||    23
       Short sword       ||    51
       Unarmed           ||     4
 Cast: Sandblast         ||     3
Armor: Robe              ||    27
Dodge: Dodged            ||    39

Table legend: (Time is in decaauts)
 A = Elapsed time spent in this place.
 B = Non-inter-level travel time spent in this place.
 C = Inter-level travel time spent in this place.
 D = Time resting spent in this place.
 E = Time spent auto-exploring this place.
 F = Levels seen in this place.
 G = Mean time per level.
                   A        B        C        D        E       F      G
               +--------+--------+--------+--------+--------+-----+--------+
         Total |    539 |    478 |     61 |     13 |      0 |   3 |  179.7 |
       Dungeon |    539 |    478 |     61 |     13 |      0 |   3 |  179.7 |
               +--------+--------+--------+--------+--------+-----+--------+

Top non-repeatable levels by time:
     D:2: 217 daAuts
     D:3: 205 daAuts
     D:1: 116 daAuts
